 Dungeon Crawl Stone Soup version 0.25.1-2-g60ff931 (webtiles) character file.

Game seed: 5818532824881604644

158 Gadfly the Grave Robber (level 5, 0/28 HPs)
             Began as a Deep Elf Necromancer on Aug 6, 2020.
             Slain by a bullfrog skeleton (5 damage)
             ... on level 4 of the Dungeon.
             The game lasted 00:05:18 (4666 turns).

Gadfly the Grave Robber (Deep Elf Necromancer)      Turns: 4666, Time: 00:05:18

Health: 0/28       AC:  2    Str:  5    XL:     5   Next: 16%
Magic:  14/14      EV: 14    Int: 21    God:
Gold:   224        SH:  0    Dex: 15    Spells: 0/13 levels left

rFire    . . .     SeeInvis .   a - +0 dagger (drain)
rCold    + . .     Gourm    .   (no shield)
rNeg     . . .     Faith    .   o - +0 robe
rPois    .         Spirit   .   (no helmet)
rElec    .         Reflect  .   (no cloak)
rCorr    .         Harm     .   (no gloves)
MR       .....                  (no boots)
Stlth    ++........             (no amulet)
HPRegen  0.09/turn              d - ring of protection from cold
MPRegen  0.14/turn              (no ring)

@: very slightly contaminated
A: no striking features
a: no special abilities


You were on level 4 of the Dungeon.
You were not hungry.

You visited 1 branch of the dungeon, and saw 4 of its levels.

You collected 224 gold pieces.

Inventory:

Hand Weapons
 a - a +0 dagger of draining (weapon)
Armour
 o - a +0 robe (worn)
Jewellery
 d - a ring of protection from cold (left hand)
Scrolls
 e - a scroll of enchant weapon
 f - a scroll of immolation
 h - a scroll of magic mapping
 i - 2 scrolls of teleportation
Potions
 g - 4 potions of curing
 k - a potion of degeneration {unknown}
 n - a potion of magic {unknown}
Comestibles
 c - 5 rations


   Skills:
 + Level 0.6 Fighting
 * Level 3.9 Dodging
 - Level 2.4 Stealth
 * Level 4.8 Spellcasting
 * Level 6.0 Necromancy


You couldn't memorise any spells.
You knew the following spells:

 Your Spells              Type           Power        Failure   Level  Hunger
a - Pain                  Necr           ####         1%          1    None
b - Vampiric Draining     Necr           ####......   2%          3    ##.....
c - Animate Dead          Necr           N/A          10%         4    ####...
d - Agony                 Necr           ####....     26%         5    #####..

Your spell library contained the following spells:

 Spells                   Type           Power        Failure   Level  Hunger
 Animate Skeleton         Necr           N/A          1%          1    None


Dungeon Overview and Level Annotations

Branches:
Dungeon (4/15)
 Temple: D:4-7

Altars:


Message History

You hear an angry hiss. x2
You barely miss the howler monkey.
The howler monkey is severely wounded.
The bullfrog skeleton misses you. The howler monkey hits you.
The bullfrog skeleton hits you.
A phantom comes into view.
You closely miss the howler monkey.
The howler monkey is severely wounded.
The howler monkey hits you but does no damage.
The bullfrog skeleton hits you. The howler monkey misses you.
You hit the howler monkey but do no damage.
The howler monkey is severely wounded.
The bullfrog skeleton hits you.
* * * LOW HITPOINT WARNING * * *
The phantom blinks!
The howler monkey hits you.
* * * LOW HITPOINT WARNING * * *
Unknown command.
The howler monkey hoots and howls with incredible vigour!
The bullfrog skeleton hits you.
You die...

..#...............
#..#.................#
..................ยง..#
..#..................####
#.......................#
..##.......#.............
#.......................#
##........###....h..W..#
###........##.@Z......#
#..##................ ##.
##.##.##.....###. #.
.......#####..#
#..##...... ### #..
#....... #. #......## #.
#......# #..?...#


You could see a phantom, a howler monkey (catching breath, drained) and a
bullfrog skeleton.

Vanquished Creatures
  8 adders
  A worm (D:1)
  A dart slug (D:1)
  9 leopard geckos
  5 orcs (D:3)
  7 bats
  5 giant cockroaches
  8 goblins
  5 hobgoblins
  5 kobolds
  A quokka (D:2)
  2 ball pythons (D:1)
  4 frilled lizards
  8 rats
69 creatures vanquished.

Notes
Turn   | Place    | Note
-------+----------+-------------------------------------------
     0 | D:1      | Gadfly the Deep Elf Necromancer began the quest for the
                  | Orb.
     0 | D:1      | Reached XP level 1. HP: 10/10 MP: 6/6
   209 | D:1      | Reached skill level 5 in Necromancy
   408 | D:1      | Reached XP level 2. HP: 15/15 MP: 6/8
  1152 | D:1      | Reached XP level 3. HP: 17/19 MP: 6/10
  1160 | D:1      | Learned a level 3 spell: Vampiric Draining
  2302 | D:2      | Reached XP level 4. HP: 12/24 MP: 6/12
  2719 | D:2      | Learned a level 4 spell: Animate Dead
  4083 | D:3      | Reached XP level 5. HP: 22/28 MP: 2/14
  4172 | D:3      | Learned a level 5 spell: Agony
  4247 | D:3      | Reached skill level 6 in Necromancy
  4663 | D:4      | Noticed a phantom
  4666 | D:4      | Slain by a bullfrog skeleton

Illustrated notes

Levels and vault maps discovered:
D:1:      dpeg_arrival_prison, layout_basic, serial_park_tiny_2,
          minmay_octomino_e4
D:2:      layout_loops_corners, grunt_ministairs_6
D:3:      layout_basic, first_ration
D:4:      layout_rooms, kennysheep_ying_yang, gammafunk_temple_overflow_wave

Skill      XL: |  1  2  3  4  5 |
---------------+----------------+-----
Necromancy     | 5 6 |  6.0
Dodging        | 3 |  3.9
Spellcasting   | 4 |  4.8
Fighting       | |  0.6
Stealth        | |  2.4

Action                   |  1- 3 |  4- 6 || total
-------------------------+-------+-------++-------
Melee: Dagger            |    48 |    66 ||   114
 Cast: Pain              |    46 |    33 ||    79
       Vampiric Draining |     6 |     3 ||     9
       Animate Dead      |       |     1 ||     1
  Use: Scroll            |     4 |     4 ||     8
 Stab: Sleeping          |     1 |     4 ||     5
  Eat: Chunk             |     4 |     8 ||    12
Armor: Robe              |    11 |    11 ||    22
Dodge: Dodged            |    61 |    59 ||   120
